 Dungeon Crawl Stone Soup version 0.25-a0-292-gaa31f046c4 (webtiles) character file.

Game seed: 14918739487768287760, levelgen mode: deterministic

259 MoonlitKnight the Magician (level 5, -1/28 HPs)
             Began as a Deep Elf Necromancer on Dec 15, 2019.
             Killed from afar by an orc wizard (5 damage)
             ... with a puff of flame
             ... on level 4 of the Dungeon.
             The game lasted 00:13:21 (4214 turns).

MoonlitKnight the Magician (Deep Elf Necromancer)   Turns: 4214, Time: 00:13:22

Health: -1/28      AC:  5    Str:  5    XL:     5   Next: 94%
Magic:  10/15      EV: 16    Int: 24    God:
Gold:   103        SH:  0    Dex: 15    Spells: 3/15 levels left

rFire    . . .     SeeInvis .   a - +3 dagger (elec)
rCold    . . .     Gourm    .   (no shield)
rNeg     . . .     Faith    .   k - +0 robe (curse)
rPois    .         Spirit   .   (no helmet)
rElec    .         Reflect  .   (no cloak)
rCorr    .         Harm     .   (no gloves)
MR       .....                  r - +2 pair of boots
Stlth    ++........             (no amulet)
HPRegen  0.09/turn              D - +2 ring of evasion
MPRegen  0.14/turn              B - +3 ring of intelligence

@: no status effects
A: no striking features
a: no special abilities


You were on level 4 of the Dungeon.
You were not hungry.

You visited 1 branch of the dungeon, and saw 4 of its levels.
You also visited: Sewer.

You collected 103 gold pieces.

Inventory:

Hand Weapons
 a - a +3 dagger of electrocution (weapon)
Missiles
 p - 21 poisoned darts (quivered)
 y - 20 sling bullets
Armour
 k - a cursed +0 robe (worn)
 r - a +2 pair of boots (worn)
 u - a +0 robe
 C - a cursed +0 ring mail
Jewellery
 m - an uncursed ring of protection from cold
 B - a +3 ring of intelligence (right hand)
 D - a +2 ring of evasion (left hand)
Scrolls
 b - 3 scrolls of fog {unknown}
 d - a scroll of amnesia {unknown}
 f - 2 scrolls of enchant weapon
 i - 2 scrolls of remove curse {unknown}
 l - a scroll of random uselessness {unknown}
 n - a scroll of fear
 o - a scroll of magic mapping
 q - 7 scrolls of teleportation
 w - a scroll of blinking {unknown}
Potions
 e - a potion of flight {unknown}
 g - a potion of lignification
 h - a potion of agility
 j - 3 potions of might
 t - a potion of curing
 v - a potion of berserk rage {unknown}
 x - a potion of magic {unknown}
 z - a potion of brilliance {unknown}
 A - a potion of heal wounds {unknown}
Comestibles
 c - 7 rations
 s - 2 chunks of flesh


   Skills:
 + Level 0.0 Fighting
 + Level 0.3 Short Blades
 - Level 0.3 Throwing
 + Level 4.0 Dodging
 - Level 2.4 Stealth
 - Level 5.6 Spellcasting
 - Level 3.8 Charms
 + Level 5.6 Necromancy


You had 3 spell levels left.
You knew the following spells:

 Your Spells              Type           Power        Failure   Level  Hunger
a - Pain                  Necr           ####         1%          1    None
b - Animate Skeleton      Necr           N/A          1%          1    None
c - Vampiric Draining     Necr           ####......   2%          3    #......
d - Regeneration          Chrm/Necr      ####......   3%          3    #......
e - Animate Dead          Necr           N/A          9%          4    ###....

Your spell library contained the following spells:

 Spells                   Type           Power        Failure   Level  Hunger


Dungeon Overview and Level Annotations

Branches:
Dungeon (4/15)              Sewer (visited)
 Temple: D:4-7

Altars:

Annotations:
D:4 1 runed translucent door, Menkaure


Message History

Confirm with . or Enter, or press ? or * to list all spells.
Aiming: Pain (safe; 1% risk of failure)
Press: ? - help, Shift-Dir - straight line, f - orc wizard
Aim: an orc wizard, wielding a +0 dagger and wearing a +0 robe (chance to defeat MR: 84%)
The orc wizard barely resists.
Casting: Pain (safe; 1% risk of failure)
Confirm with . or Enter, or press ? or * to list all spells.
Aiming: Pain (safe; 1% risk of failure)
Press: ? - help, Shift-Dir - straight line, f/p - orc wizard
Aim: an orc wizard, wielding a +0 dagger and wearing a +0 robe (chance to defeat MR: 84%)
The orc wizard writhes in agony!
Casting: Pain (safe; 1% risk of failure)
Confirm with . or Enter, or press ? or * to list all spells.
Aiming: Pain (safe; 1% risk of failure)
Press: ? - help, Shift-Dir - straight line, f/p - orc wizard
Aim: an orc wizard, wielding a +0 dagger and wearing a +0 robe (heavily wounded, chance to defeat MR: 84%)
The orc wizard writhes in agony.
The orc wizard gestures at you while chanting.
The puff of flame hits you.
You die...

#.###.o......#
#...#.#.###..#
######....#.......
.............## #
##.###.####.# #..#
#.# ##.# #.# #o#
#.## #@###..#
#...##.##
###.....#####
####......#
#..)...# #.....<#
#......# #......#
#......#


You could see an orc wizard.

Vanquished Creatures
  2 big kobolds (Sewer)
  2 adders
  2 oozes
  6 worms
  2 dart slugs (D:1)
  5 orcs
  3 ball pythons
  A giant cockroach (D:3)
  6 goblins
  9 hobgoblins
  A quokka (D:3)
  9 bats
  2 frilled lizards
  13 kobolds
  A quokka skeleton (D:4)
  9 rats
73 creatures vanquished.

Vanquished Creatures (collateral kills)
  A hobgoblin (D:2)
  A kobold (D:3)
  3 rats (D:3)
5 creatures vanquished.

Grand Total: 78 creatures vanquished

Notes
Turn   | Place    | Note
-------+----------+-------------------------------------------
     0 | D:1      | MoonlitKnight the Deep Elf Necromancer began the quest for
                  | the Orb.
     0 | D:1      | Reached XP level 1. HP: 10/10 MP: 6/6
     2 | D:1      | Learned a level 1 spell: Animate Skeleton
    43 | D:1      | Reached skill level 5 in Necromancy
   457 | D:1      | Reached XP level 2. HP: 14/15 MP: 5/8
  1743 | D:2      | Reached XP level 3. HP: 14/19 MP: 3/10
  1802 | D:2      | Learned a level 3 spell: Vampiric Draining
  1806 | D:2      | Learned a level 3 spell: Regeneration
  2700 | D:3      | Reached skill level 1 in Charms
  2709 | D:3      | Found a glowing drain.
  2715 | Sewer    | Entered a sewer
  2933 | Sewer    | Reached XP level 4. HP: 24/24 MP: 9/12
  2940 | Sewer    | Noticed a big kobold
  2949 | Sewer    | Killed a big kobold
  2949 | Sewer    | Reached skill level 5 in Spellcasting
  2953 | Sewer    | Reached XP level 5. HP: 23/28 MP: 6/14
  4171 | D:4      | Learned a level 4 spell: Animate Dead
  4193 | D:4      | Found a runed translucent door.
  4199 | D:4      | Noticed Menkaure
  4214 | D:4      | Killed from afar by an orc wizard

Levels and vault maps discovered:
D:1:      mainiacjoe_arrival_reflecting_pool, layout_loops_corners
D:2:      layout_loops_ring, first_ration, minmay_indecisive_spiral
D:3:      layout_loops_ring, gup_sewer_entry_bowl
D:4:      layout_rooms, ebering_ghost_inner_flame, uniq_menkaure, uniq_sigmund

Skill      XL: |  1  2  3  4  5 |
---------------+----------------+-----
Necromancy     | 5 |  5.6
Spellcasting   | 4 5 |  5.6
Charms         | 1 2 3 |  3.8
Dodging        | 3 4 |  4.0
Short Blades   | |  0.3
Throwing       | |  0.3
Stealth        | |  2.4

Action                   |  1- 3 |  4- 6 || total
-------------------------+-------+-------++-------
Melee: Dagger            |    34 |    20 ||    54
Throw: Dart              |     7 |       ||     7
 Cast: Pain              |    62 |    56 ||   118
       Animate Skeleton  |    13 |    11 ||    24
       Vampiric Draining |     4 |     2 ||     6
  Use: Scroll            |     8 |       ||     8
  Eat: Chunk             |     6 |     4 ||    10
Armor: Robe              |    14 |     7 ||    21
Dodge: Dodged            |    26 |    15 ||    41

Table legend:
 A = Non-vault XP
 B = Vault XP
 C = Vault XP percentage of total XP
 D = Non-vault monster count
 E = Vault monster count
 F = Vault count percentage of total count
                 A         B        C        D         E       F
            +---------+---------+-------+---------+---------+-------
      Total |     132 |     238 |  64.3 |      60 |      18 |  23.1
            +---------+---------+-------+---------+---------+-------
        D:1 |      25 |       0 |   0.0 |      14 |       0 |   0.0
        D:2 |      50 |       5 |   9.1 |      20 |       4 |  16.7
        D:3 |      50 |       6 |  10.7 |      23 |       2 |   8.0
        D:4 |       7 |       0 |   0.0 |       3 |       0 |   0.0
      Sewer |       0 |     227 | 100.0 |       0 |      12 | 100.0
            +---------+---------+-------+---------+---------+-------
